NYP
AUBURN DOUBLEDAYS @ CINCINNATI (NYP) REDS
04/27/2044
 
TOP OF THE 1ST
Auburn Doubledays batting - Pitching for Cincinnati (NYP) Reds : RHP Matt Cronin
Pitching: RHP Matt Cronin
Batting: RHB Jim Miske 0-0: Ball
1-0: Called Strike
1-1: Swinging Strike
1-2: Foul Ball, location: 2F
1-2: Ground out 5-3 (Groundball, 56S, EV 80.6 MPH)
Batting: RHB John McNeill 0-0: Ball
1-0: Ball
2-0: Called Strike
2-1: Swinging Strike
2-2: Reached on error, E5 (Groundball, 56, EV 105.6 MPH)
Batting: LHB John Luke 0-0: Called Strike
0-1: Foul Ball, location: 2F
0-2: Strikes out swinging
Batting: RHB Slavik Nebrodov 0-0: Fielders Choice at 2nd, 6-4 (Groundball, 6, EV 110.0 MPH)
Top of the 1st over - 0 runs, 0 hits, 1 error, 1 left on base; Auburn 0 - Cincinnati (NYP) 0
BOTTOM OF THE 1ST
Cincinnati (NYP) Reds batting - Pitching for Auburn Doubledays : LHP Harry Osborne
Pitching: LHP Harry Osborne
Batting: SHB Bryan Johnston 0-0: Ball
1-0: Ground out 4-3 (Groundball, 4, EV 102.5 MPH)
Batting: RHB Klaas Meij 0-0: Ball
1-0: Ground out 4-3 (Groundball, 4MS, EV 90.6 MPH)
Batting: LHB Shigeru Ono 0-0: Called Strike
0-1: Ground out U3 (Groundball, 3, EV 107.5 MPH)
Bottom of the 1st over - 0 runs, 0 hits, 0 errors, 0 left on base; Auburn 0 - Cincinnati (NYP) 0
TOP OF THE 2ND
Auburn Doubledays batting - Pitching for Cincinnati (NYP) Reds : RHP Matt Cronin
Batting: LHB Elias Posada 0-0: Ball
1-0: Ball
2-0: Fly out, F9 (Flyball, 89M, EV 87.5 MPH)
Batting: RHB Ryan Hiemer 0-0: Called Strike
0-1: Called Strike
0-2: SINGLE (Groundball, 56, EV 95.6 MPH)
Batting: RHB Travis Stanley 0-0: Swinging Strike
0-1: Ball
1-1: Swinging Strike
1-2: Ball
2-2: Ball
3-2: Foul Ball, location: 2F
3-2: Foul Ball, location: 2F
3-2: Strikes out swinging
Batting: RHB Joe Klein 0-0: Ball
1-0: Ball
2-0: Ball
3-0: Called Strike
3-1: Ground out 6-3 (Groundball, 6S, EV 68.1 MPH)
Top of the 2nd over - 0 runs, 1 hit, 0 errors, 1 left on base; Auburn 0 - Cincinnati (NYP) 0
BOTTOM OF THE 2ND
Cincinnati (NYP) Reds batting - Pitching for Auburn Doubledays : LHP Harry Osborne
Batting: RHB Ricky Carbajal 0-0: Ball
1-0: Ball
2-0: Fly out, F3 (Line Drive, 3, EV 71.3 MPH)
Batting: LHB David Moore 0-0: Ball
1-0: Foul Ball, location: 2F
1-1: DOUBLE (Flyball, 78XD, EV 96.3 MPH)
Batting: SHB Jason Kirby 0-0: Ball
1-0: DOUBLE (Line Drive, 89M, EV 97.5 MPH)
David Moore scores
Batting: RHB Jay Jacobson 0-0: Swinging Strike
0-1: Ball
1-1: Ball
2-1: Ball
3-1: SINGLE (Flyball, 6D, EV 87.5 MPH)
Jason Kirby to third
Batting: RHB R.J. Romberg 0-0: Ball
1-0: Grounds into double play, 6-4-3 (Groundball, 6, EV 109.4 MPH)
Bottom of the 2nd over - 1 run, 3 hits, 0 errors, 1 left on base; Auburn 0 - Cincinnati (NYP) 1
TOP OF THE 3RD
Auburn Doubledays batting - Pitching for Cincinnati (NYP) Reds : RHP Matt Cronin
Batting: RHB David Rojas 0-0: Swinging Strike
0-1: Hit by Pitch
Batting: RHB Jim Miske 0-0: Grounds into double play, 5-4-3 (Groundball, 5, EV 87.5 MPH)
Batting: RHB John McNeill 0-0: Ball
1-0: Ball
2-0: Foul Ball, location: 2F
2-1: Ball
3-1: Called Strike
3-2: Base on Balls
Batting: LHB John Luke 0-0: Ball
1-0: Ball
2-0: Called Strike
2-1: DOUBLE (Flyball, 8RXD, EV 91.3 MPH)
John McNeill to third
Batting: RHB Slavik Nebrodov 0-0: Called Strike
0-1: Ball
1-1: Ball
2-1: Foul Ball, location: 2F
2-2: Foul Ball, location: 2F
2-2: Fly out, F8 (Flyball, 8LM, EV 89.4 MPH)
Top of the 3rd over - 0 runs, 1 hit, 0 errors, 2 left on base; Auburn 0 - Cincinnati (NYP) 1
BOTTOM OF THE 3RD
Cincinnati (NYP) Reds batting - Pitching for Auburn Doubledays : LHP Harry Osborne
Batting: RHB Cyd Carver 0-0: Ground out 1-3 (Groundball, P, EV 70.0 MPH)
Batting: SHB Bryan Johnston 0-0: Called Strike
0-1: Ball
1-1: Ball
2-1: Ball
3-1: Base on Balls
Batting: RHB Klaas Meij 0-0: Called Strike
0-1: Called Strike
0-2: DOUBLE (Line Drive, 78M, EV 91.9 MPH)
Bryan Johnston to third
Batting: LHB Shigeru Ono 0-0: Called Strike
0-1: Ball
1-1: Called Strike
1-2: Ball
2-2: Fly out, F9 (Line Drive, 9, EV 111.9 MPH)
Runner from 3rd tags up, SCORES, no throw by RF
Batting: RHB Ricky Carbajal 0-0: Called Strike
0-1: Swinging Strike
0-2: Strikes out swinging
Bottom of the 3rd over - 1 run, 1 hit, 0 errors, 1 left on base; Auburn 0 - Cincinnati (NYP) 2
TOP OF THE 4TH
Auburn Doubledays batting - Pitching for Cincinnati (NYP) Reds : RHP Matt Cronin
Batting: LHB Elias Posada 0-0: Called Strike
0-1: Ball
1-1: Foul Ball, location: 2F
1-2: Foul Ball, location: 2F
1-2: Strikes out swinging passed ball, reaches first!
Batting: RHB Ryan Hiemer 0-0: Called Strike
0-1: Ball
1-1: Ball
2-1: Swinging Strike
2-2: Ball
3-2: Foul Ball, location: 2F
3-2: Foul Ball, location: 2F
3-2: Grounds into double play, 4-6-3 (Groundball, 4, EV 85.0 MPH)
Batting: RHB Travis Stanley 0-0: Ball
1-0: Ball
2-0: Foul Ball, location: 2F
2-1: Ground out 6-3 (Groundball, 6, EV 79.4 MPH)
Top of the 4th over - 0 runs, 0 hits, 0 errors, 0 left on base; Auburn 0 - Cincinnati (NYP) 2
BOTTOM OF THE 4TH
Cincinnati (NYP) Reds batting - Pitching for Auburn Doubledays : LHP Harry Osborne
Batting: LHB David Moore 0-0: Swinging Strike
0-1: Swinging Strike
0-2: Ball
1-2: Strikes out looking
Batting: SHB Jason Kirby 0-0: Ground out 1-3 (Groundball, P, EV 68.1 MPH)
Batting: RHB Jay Jacobson 0-0: Ball
1-0: Called Strike
1-1: Fly out, F9 (Line Drive, 9, EV 92.5 MPH)
Bottom of the 4th over - 0 runs, 0 hits, 0 errors, 0 left on base; Auburn 0 - Cincinnati (NYP) 2
TOP OF THE 5TH
Auburn Doubledays batting - Pitching for Cincinnati (NYP) Reds : RHP Matt Cronin
Batting: RHB Joe Klein 0-0: Called Strike
0-1: Called Strike
0-2: Strikes out swinging
Batting: RHB David Rojas 0-0: Ball
1-0: Swinging Strike
1-1: Swinging Strike
1-2: Strikes out swinging
Batting: RHB Jim Miske 0-0: Called Strike
0-1: Foul Ball, location: 2F
0-2: Ball
1-2: Ball
2-2: Ball
3-2: Base on Balls
Batting: RHB John McNeill Pickoff Throw to First - Error! E1
Jim Miske to second
0-0: Called Strike
0-1: Ball
1-1: Ball
2-1: DOUBLE (Line Drive, 78D, EV 103.1 MPH)
Jim Miske scores
Batting: LHB John Luke 0-0: Ball
1-0: Ground out 4-3 (Groundball, 34, EV 83.8 MPH)
Top of the 5th over - 1 run, 1 hit, 1 error, 1 left on base; Auburn 1 - Cincinnati (NYP) 2
BOTTOM OF THE 5TH
Cincinnati (NYP) Reds batting - Pitching for Auburn Doubledays : LHP Harry Osborne
Batting: RHB R.J. Romberg 0-0: Called Strike
0-1: Ball
1-1: Swinging Strike
1-2: Foul Ball, location: 2F
1-2: Ball
2-2: Ball
3-2: Base on Balls
Batting: RHB Cyd Carver 0-0: Fly out, F9 (Line Drive, 9, EV 95.6 MPH)
Batting: SHB Bryan Johnston 0-0: Swinging Strike
0-1: Ball
1-1: SINGLE (Groundball, 6S, EV 73.1 MPH) (infield hit)
R.J. Romberg to second
Batting: RHB Klaas Meij 0-0: Hit by Pitch
R.J. Romberg to third
Bryan Johnston to second
Batting: LHB Shigeru Ono 0-0: Ball
1-0: Called Strike
1-1: Called Strike
1-2: Ball
Wild Pitch!
R.J. Romberg scores
Bryan Johnston to third
Klaas Meij to second
2-2: Strikes out swinging
Batting: RHB Ricky Carbajal 0-0: Called Strike
0-1: Fly out, F8 (Flyball, 8RM, EV 90.6 MPH)
Bottom of the 5th over - 1 run, 1 hit, 0 errors, 2 left on base; Auburn 1 - Cincinnati (NYP) 3
TOP OF THE 6TH
Auburn Doubledays batting - Pitching for Cincinnati (NYP) Reds : RHP Matt Cronin
Batting: RHB Slavik Nebrodov 0-0: Called Strike
0-1: Ball
1-1: DOUBLE (Groundball, 5L, EV 103.1 MPH)
Batting: LHB Elias Posada 0-0: Called Strike
0-1: Ball
1-1: Ball
2-1: Foul Ball, location: 2F
2-2: Foul Ball, location: 2F
2-2: Fly out, F4 (Popup, 13, EV 82.5 MPH)
Batting: RHB Ryan Hiemer 0-0: Ball
1-0: DOUBLE (Flyball, 8RXD, EV 102.5 MPH)
Slavik Nebrodov scores
Batting: RHB Travis Stanley 0-0: Ball
1-0: Called Strike
1-1: Ground out 6-3 (Groundball, 56, EV 103.1 MPH)
Batting: RHB Joe Klein 0-0: Called Strike
0-1: Ball
1-1: Foul Ball, location: 2F
1-2: Foul Ball, location: 2F
1-2: Strikes out swinging
Top of the 6th over - 1 run, 2 hits, 0 errors, 1 left on base; Auburn 2 - Cincinnati (NYP) 3
BOTTOM OF THE 6TH
Cincinnati (NYP) Reds batting - Pitching for Auburn Doubledays : LHP Harry Osborne
Batting: LHB David Moore 0-0: Called Strike
0-1: Foul Ball, location: 2F
0-2: Strikes out looking
Batting: SHB Jason Kirby 0-0: Called Strike
0-1: Foul Ball, location: 2F
0-2: Ball
1-2: Foul Ball, location: 2F
1-2: Strikes out swinging
Batting: RHB Jay Jacobson 0-0: Foul Ball, location: 2F
0-1: Ball
1-1: Swinging Strike
1-2: Strikes out swinging
Bottom of the 6th over - 0 runs, 0 hits, 0 errors, 0 left on base; Auburn 2 - Cincinnati (NYP) 3
TOP OF THE 7TH
Auburn Doubledays batting - Pitching for Cincinnati (NYP) Reds : RHP Matt Cronin
Pitching: RHP Markus Bevan
Batting: RHB David Rojas 0-0: Swinging Strike
0-1: Ball
1-1: Ball
2-1: Called Strike
2-2: Strikes out swinging
Batting: RHB Jim Miske 0-0: Ball
1-0: Bunt for hit to 2L - play at first, batter safe!
Batting: RHB John McNeill 0-0: Called Strike
Jim Miske steals 2nd base
0-1: SINGLE (Groundball, 56S, EV 72.5 MPH) (infield hit)
Jim Miske to third
Batting: LHB John Luke 0-0: Ball
1-0: Ball
2-0: Foul Ball, location: 2F
2-1: Ball
3-1: Called Strike
3-2: Strikes out swinging
Batting: RHB Slavik Nebrodov 0-0: Called Strike
0-1: Swinging Strike
0-2: Strikes out looking
Top of the 7th over - 0 runs, 2 hits, 0 errors, 2 left on base; Auburn 2 - Cincinnati (NYP) 3
BOTTOM OF THE 7TH
Cincinnati (NYP) Reds batting - Pitching for Auburn Doubledays : LHP Harry Osborne
Pitching: RHP Gilberto Ricalde
Batting: RHB R.J. Romberg 0-0: Ball
1-0: Swinging Strike
1-1: Called Strike
1-2: Ball
2-2: Foul Ball, location: 2F
2-2: Foul Ball, location: 2F
2-2: Foul Ball, location: 2F
2-2: Ball
3-2: Base on Balls
Batting: RHB Cyd Carver 0-0: Called Strike
0-1: Ball
1-1: Ball
2-1: Ball
3-1: Called Strike
3-2: Foul Ball, location: 2F
3-2: Base on Balls
R.J. Romberg to second
Batting: SHB Bryan Johnston 0-0: Bunt missed!
0-1: Bunted foul
0-2: SINGLE (Groundball, 6M, EV 97.5 MPH) (infield hit)
R.J. Romberg to third
Cyd Carver to second
Batting: RHB Klaas Meij 0-0: Foul Ball, location: 2F
0-1: SINGLE (Line Drive, 34D, EV 95.6 MPH)
R.J. Romberg scores
Cyd Carver to third
Bryan Johnston to second
Runner from 3rd tries for Home, SAFE, throw by RF to home
Batting: LHB Shigeru Ono 0-0: Ball
Bryan Johnston steals 3rd base (no throw)
Klaas Meij to second
1-0: Swinging Strike
1-1: Ball
2-1: Foul Ball, location: 2F
2-2: Fly out, F8 (Flyball, 78XD, EV 103.1 MPH)
Runner from 3rd tags up, SCORES, no throw by CF
Pitching: RHP Luis Galvez
Batting: RHB Ricky Carbajal 0-0: Ball
1-0: Ball
2-0: Ball
3-0: Base on Balls
Batting: LHB David Moore 0-0: Ball
Klaas Meij steals 3rd base
1-0: Ball
2-0: Called Strike
2-1: Foul Ball, location: 2F
2-2: Ball
Ricky Carbajal steals 2nd base (no throw)
3-2: Ground out 4-3 (Groundball, 4S, EV 86.3 MPH)
Klaas Meij scores
Ricky Carbajal to third
Batting: SHB Jason Kirby 0-0: Ball
1-0: 2-RUN HOME RUN (Flyball, 89XD, EV 105.6 MPH), Distance : 443 ft
Pinch Hitting: RHB Pete Orban 0-0: Called Strike
0-1: Fly out, F8 (Flyball, 8LS, EV 85.0 MPH)
Bottom of the 7th over - 6 runs, 3 hits, 0 errors, 0 left on base; Auburn 2 - Cincinnati (NYP) 9
TOP OF THE 8TH
Auburn Doubledays batting - Pitching for Cincinnati (NYP) Reds : RHP Markus Bevan
Now in CF: Pete Orban
Batting: LHB Elias Posada 0-0: Ball
1-0: Foul Ball, location: 2F
1-1: Fly out, F8 (Flyball, 8LXD, EV 94.4 MPH)
Batting: RHB Ryan Hiemer 0-0: Ball
1-0: Ball
2-0: Foul Ball, location: 2F
2-1: Ball
3-1: Called Strike
3-2: Strikes out swinging
Pinch Hitting: RHB Isaiah Seme 0-0: Ball
1-0: Ground out 6-3 (Groundball, 4M, EV 80.6 MPH)
Top of the 8th over - 0 runs, 0 hits, 0 errors, 0 left on base; Auburn 2 - Cincinnati (NYP) 9
BOTTOM OF THE 8TH
Cincinnati (NYP) Reds batting - Pitching for Auburn Doubledays : RHP Luis Galvez
Now at 2B: Isaiah Seme
Pinch Hitting: SHB Miguel Macias 0-0: Ball
1-0: Ball
2-0: Called Strike
2-1: Swinging Strike
2-2: Strikes out swinging
Pinch Hitting: LHB Marty Hafner 0-0: Ground out 6-3 (Groundball, 6, EV 91.9 MPH)
Pinch Hitting: RHB Felipe Pineda 0-0: Called Strike
0-1: Swinging Strike
0-2: Strikes out swinging
Bottom of the 8th over - 0 runs, 0 hits, 0 errors, 0 left on base; Auburn 2 - Cincinnati (NYP) 9
TOP OF THE 9TH
Auburn Doubledays batting - Pitching for Cincinnati (NYP) Reds : RHP Markus Bevan
Now at 1B: Miguel Macias
Now at 2B: Danny Pontius
Now at 3B: Felipe Pineda
Now in RF: Shigeru Ono
Batting: RHB Joe Klein 0-0: Called Strike
0-1: Ball
1-1: Fly out, F8 (Flyball, 8LXD, EV 108.8 MPH)
Pinch Hitting: LHB Mike Condon 0-0: Ball
1-0: Ball
2-0: Foul Ball, location: 2F
2-1: Foul Ball, location: 2F
2-2: Ball
3-2: Base on Balls
Pitching: RHP Matt Knowles
Batting: RHB Jim Miske 0-0: Called Strike
0-1: Ball
1-1: Swinging Strike
1-2: Fielders Choice at 2nd, 3-6 (Groundball, 3, EV 81.3 MPH)
Batting: RHB John McNeill 0-0: Called Strike
0-1: Foul Ball, location: 2F
0-2: Ground out 4-3 (Groundball, 4, EV 101.9 MPH)
Top of the 9th over - 0 runs, 0 hits, 0 errors, 1 left on base; Auburn 2 - Cincinnati (NYP) 9
Thursday, March 31st , 2022 - OOTP Baseball 22.12 Build 89